 Dungeon Crawl Stone Soup version 0.28-a0-655-g4eb62b627b (webtiles) character file.

Game seed: 1780689207914512434

6398 KoroneIsBestGirl the Fighter (level 10, -3/129 HPs)
             Began as a Barachi Berserker on Oct 12, 2021.
             Was a High Priest of Trog.
             Slain by a meliai (7 damage)
             ... on level 8 of the Dungeon.
             The game lasted 00:14:18 (12568 turns).

KoroneIsBestGirl the Fighter (Barachi Berserker)   Turns: 12568, Time: 00:14:19

Health: -3/129     AC: 11    Str: 22    XL:     10   Next: 98%
Magic:  10/10      EV: 19    Int:  8    God:    Trog [*****.]
Gold:   407        SH:  0    Dex: 11    Spells: 9/9 levels left

rFire   . . .      SeeInvis +   J - +3 scimitar (flame)
rCold   . . .      Faith    .   (no shield)
rNeg    . . .      Spirit   .   G - +0 steam dragon scales
rPois   .          Reflect  .   I - +0 helmet
rElec   .          Harm     .   E - +0 cloak {Stlth+}
rCorr   .          Rampage  .   (no gloves)
Will    .....                   D - +0 pair of boots
Stlth   ..........              (no amulet)
HPRegen 0.31/turn               v - +4 ring of evasion
MPRegen 0.12/turn               y - ring of see invisible

@: berserking, lethally poisoned (-3 -> -20), about to teleport, quick
A: amphibious, slowness 1, strong legs 1, +LOS
a: Hop, Renounce Religion, Berserk, Trog's Hand, Brothers in Arms


You were on level 8 of the Dungeon.
You worshipped Trog.
Trog was extremely pleased with you.
You visited 1 branch of the dungeon, and saw 8 of its levels.
You also visited: Ossuary.

You collected 407 gold pieces.

Inventory:

Hand Weapons
 J - a +3 scimitar of flaming (weapon)
Missiles
 r - 4 throwing nets
Armour
 b - a +0 animal skin
 D - a +0 pair of boots (worn)
 E - a +0 cloak of stealth (worn)
 G - +0 steam dragon scales (worn)
 I - a +0 helmet (worn)
Jewellery
 s - a ring of wizardry
 v - a +4 ring of evasion (left hand)
 y - a ring of see invisible (right hand)
 F - a ring of poison resistance
Wands
 n - a wand of acid (12)
 q - a wand of paralysis (14)
 C - a wand of polymorph (7)
 H - a wand of iceblast (5)
Scrolls
 c - 3 scrolls of enchant weapon
 d - 3 scrolls of blinking
 h - a scroll of teleportation
 A - 3 scrolls of torment
 B - 2 scrolls of enchant armour
Potions
 e - a potion of heal wounds
 f - a potion of haste
 g - 5 potions of curing
 i - 2 potions of degeneration
 j - 3 potions of lignification {unknown}
 k - a potion of cancellation {unknown}
 l - a potion of brilliance {unknown}
 m - 3 potions of flight {unknown}
 p - 4 potions of attraction {unknown}
 t - 2 potions of magic {unknown}
 u - a potion of invisibility
 x - a potion of ambrosia {unknown}
 z - a potion of berserk rage {unknown}


   Skills:
 + Level 10.4 Fighting
 + Level 10.4 Long Blades
 + Level 10.1 Armour
 + Level 9.2 Dodging


You had 9 spell levels left.
You didn't know any spells.
Your spell library contained the following spells:

 Spells                   Type           Power      Damage    Failure   Level
 Sting                    Tmut/Pois      0%         1d3       41%         1
 Poisonous Vapours        Pois/Air       0%         N/A       54%         2
 Olgreb's Toxic Radiance  Pois           0%         N/A       99%         4


Dungeon Overview and Level Annotations

Branches:
Dungeon (8/15)             Temple (0/1) D:6         Ossuary (visited)
   Lair: D:8-11

Altars:
Fedhas

Shops:
D:1 [[:=   D:6 !


Innate Abilities, Weirdness & Mutations

You are amphibious.
You cover ground slowly.
You can hop short distances.
You have an extended range of vision and can be seen from far away.


Message History

The meliai poisons you!
A red film seems to cover your vision as you go berserk!
You feel yourself moving faster!
You feel mighty!
You feel extremely sick. The meliai hits you with a +0 war axe.
The meliai stings you but does no damage.
The meliai hits you with a +0 war axe. The meliai misses you.
The meliai hits you with a +0 hand axe!
* * * LOW HITPOINT WARNING * * *
The meliai stings you but does no damage.
The meliai misses you. x2; The meliai hits you with a +0 war axe.
* * * LOW HITPOINT WARNING * * *
The meliai stings you.
* * * LOW HITPOINT WARNING * * *
The meliai hits you with a +0 hand axe.
* * * LOW HITPOINT WARNING * * *
The meliai misses you.
You barely miss the meliai.
* * * LOW HITPOINT WARNING * * *
You feel very sick.
The meliai mumbles some strange prayers to its god against you.
Something smites you!
* * * LOW HITPOINT WARNING * * *
The meliai closely misses you. The meliai misses you.
The meliai barely misses you. The meliai misses you.
You slash the meliai! You burn the meliai.
The meliai is heavily wounded.
* * * LOW HITPOINT WARNING * * *
You feel very sick. The meliai closely misses you.
The meliai barely misses you. The meliai misses you.
The meliai completely misses you. The meliai closely misses you.
The meliai completely misses you.
The meliai calls upon its god to heal the meliai.
The meliai is healed somewhat.
Unknown command.
You hit the meliai. You burn the meliai.
The meliai is moderately wounded.
* * * LOW HITPOINT WARNING * * *
You feel sick. The meliai hits you with a +0 war axe!
You die...

...........#
#..........## #
..........#
##..........#
## ..[...)..)#
#..#####...###
##. ...(..).<.#
##..#
##.....###..
..........##
#..##
##...#...#..#
..#######..#
##..#
##..#####...##
..# #..#
#...###..##
##..# ..#
#..###...#...##
#..# ..#
##..#...@y..##
##.# ..#
#......yy..##
#.# ..#
#.....####...#
#.. ...
#...#...# ##..#
...#
#...####...#
##... ....
....# ##..#
##...# ##. ..##
#..# #... .
##.. .... ...
...#


You could see 3 meliai.

Vanquished Creatures
  Harold (D:7)
  Erica (D:8)
  Pikel (D:7)
  Maggie (D:6)
  Grinder (D:4)
  3 yaks (D:7)
  A steam dragon (D:7)
  An acid dragon (D:4)
  Menkaure (D:6)
  Duvessa (D:6)
  An ice beast (D:7)
  2 sky beasts
  2 ogres (D:6)
  2 necrophages
  4 centaurs
  A lemure (D:7)
  4 phantoms
  A kobold brigand (D:7)
  3 bullfrogs (D:6)
  3 scorpions
  4 water moccasin zombies (Ossuary)
  A wyvern zombie (D:7)
  Dowan (D:6)
  3 killer bees (D:7)
  3 wights (D:8)
  A jelly (D:7)
  6 orc priests
  3 centaur zombies
  A bullfrog skeleton (D:6)
  2 hounds (D:4)
  3 centaur skeletons
  4 iguanas
  Ijyb (D:5)
  4 orc wizards
  A scorpion zombie (D:5)
  A killer bee zombie (D:6)
  A hound skeleton (D:2)
  3 mummies
  Robin (D:2)
  4 gnolls (D:5)
  4 howler monkey zombies
  7 adders
  A white imp (D:7)
  An ufetubus (D:6)
  6 adder zombies (Ossuary)
  2 adder skeletons (D:4)
  A worm (D:3)
  4 dart slugs
  28 orcs
  7 ball pythons
  5 bats
  9 endoplasms
  A giant cockroach (D:1)
  11 goblins
  13 hobgoblins
  4 jackals (D:2)
  6 quokkas
  4 frilled lizards
  5 gnoll zombies (Ossuary)
  A goblin zombie (D:4)
  3 hobgoblin zombies (Ossuary)
  11 kobolds
  3 kobold zombies (Ossuary)
  5 orc zombies
  6 rats
231 creatures vanquished.

Vanquished Creatures (others)
  A goblin (D:2)
1 creature vanquished.

Grand Total: 232 creatures vanquished

Notes
Turn   | Place    | Note
-------+----------+-------------------------------------------
     0 | D:1      | KoroneIsBestGirl the Barachi Berserker began the quest for
                  | the Orb.
     0 | D:1      | Reached XP level 1. HP: 18/18 MP: 1/1
    77 | D:1      | Found Ucwett's Armour Shop.
    83 | D:1      | Reached XP level 2. HP: 4/25 MP: 2/2
   383 | D:1      | Found Ryhek's Armour Shoppe.
   807 | D:1      | Reached XP level 3. HP: 25/30 MP: 3/3
  1065 | D:1      | Reached ** piety under Trog
  1088 | D:1      | Found Zefixes's Jewellery Emporium.
  1090 | D:1      | Found Bytol's Book Boutique.
  2009 | D:2      | Reached XP level 4. HP: 13/37 MP: 4/4
  2722 | D:2      | Noticed Robin
  2785 | D:2      | Killed Robin
  3157 | D:2      | Reached XP level 5. HP: 43/43 MP: 5/5
  3529 | D:3      | Found a faded altar of an unknown god.
  4035 | D:3      | Reached *** piety under Trog
  4263 | D:4      | Found a sand-covered staircase.
  4275 | Ossuary  | Entered an ossuary
  4405 | Ossuary  | Reached skill level 5 in Fighting
  4405 | Ossuary  | Reached skill level 5 in Long Blades
  4405 | Ossuary  | Reached XP level 6. HP: 51/51 MP: 6/6
  4903 | Ossuary  | Reached XP level 7. HP: 26/56 MP: 7/7
  5470 | D:4      | Reached skill level 5 in Armour
  5597 | D:4      | Reached **** piety under Trog
  5783 | D:4      | Found a blossoming altar of Fedhas.
  6006 | D:5      | Entered Level 5 of the Dungeon
  6399 | D:4      | Reached skill level 5 in Dodging
  6494 | D:5      | Noticed Grinder
  6514 | D:4      | Killed Grinder
  6515 | D:4      | Reached XP level 8. HP: 46/65 MP: 8/8
  7920 | D:5      | Noticed Ijyb
  7929 | D:5      | Killed Ijyb
  7930 | D:5      | Reached XP level 9. HP: 70/72 MP: 9/9
  8144 | D:6      | Noticed Duvessa
  8144 | D:6      | Noticed Menkaure
  8144 | D:6      | Found a staircase to the Ecumenical Temple.
  8148 | D:6      | Noticed Dowan
  8285 | D:6      | Killed Dowan
  8355 | D:6      | Killed Duvessa
  8680 | D:6      | Found Urrirowa's Distillery.
  8707 | D:6      | Noticed Maggie
  8745 | D:6      | Killed Maggie
  9391 | D:6      | Killed Menkaure
 10078 | D:7      | Reached XP level 10. HP: 83/83 MP: 10/10
 10296 | D:7      | Noticed Harold
 10307 | D:7      | Killed Harold
 11165 | D:7      | Noticed Pikel
 11185 | D:7      | Killed Pikel
 11186 | D:7      | Reached skill level 10 in Fighting
 11375 | D:7      | Reached ***** piety under Trog
 11376 | D:7      | Reached skill level 10 in Long Blades
 12168 | D:8      | Noticed Erica
 12410 | D:8      | Killed Erica
 12411 | D:8      | Reached skill level 10 in Armour
 12567 | D:8      | HP: 6/129 [poisoned by a meliai]
 12568 | D:8      | Slain by a meliai

Illustrated notes

Levels and vault maps discovered:
D:1:      lemuel_arrival_rhombus, layout_basic, serial_shops,
          nicolae_shop_trees, shop, shop, shop
D:2:      layout_basic, uniq_robin
D:3:      layout_basic, shapermc_ecumenical_altar_acropolis
D:4:      layout_basic, fedhas_altar_4, nicolae_ossuary_entry_giza
D:5:      minmay_spotlight, layout_cave_pools, kennysheep_generic_room_14,
          uniq_ijyb, uniq_grinder
D:6:      layout_cave_pods, minmay_temple_entry_junction, serial_shops,
          nicolae_shop_crystal, fountainhead, minmay_quadrilaterals,
          uniq_maggie, uniq_duvessa, uniq_menkaure
D:7:      layout_loops_corners, minmay_misc_feat_four_crosses,
          minmay_crossroads, uniq_harold, uniq_pikel
D:8:      layout_layer_cave, uniq_erica

Skill      XL: |  1  2  3  4  5  6  7  8  9 10 |
---------------+-------------------------------+-----
Long Blades    | 4 5 6 7 9 10 | 10.4
Fighting       | 4 5 6 7 9 10 | 10.4
Armour         | 3 4 6 7 8 10 | 10.1
Dodging        | 3 4 5 6 7 9 |  9.2

Action                   |  1- 3 |  4- 6 |  7- 9 | 10-12 || total
-------------------------+-------+-------+-------+-------++-------
Melee: Falchion          |   132 |    96 |   373 |   162 ||   763
       Dagger            |       |   224 |    23 |       ||   247
       Scimitar          |       |       |       |     3 ||     3
Invok: Berserk           |     2 |     4 |    11 |     7 ||    24
 Abil: Hop               |       |     1 |     1 |     1 ||     3
  Use: Potion            |       |     2 |     3 |       ||     5
       Scroll            |       |     4 |     5 |     4 ||    13
Armor: Ring mail         |    57 |    95 |    35 |       ||   187
       Acid dragon scale |       |       |    59 |    10 ||    69
       Steam dragon scal |       |       |       |    28 ||    28
Dodge: Dodged            |    80 |   152 |   390 |   157 ||   779

Table legend: (Time is in decaauts)
 A = Elapsed time spent in this place.
 B = Non-inter-level travel time spent in this place.
 C = Inter-level travel time spent in this place.
 D = Time resting spent in this place.
 E = Time spent auto-exploring this place.
 F = Levels seen in this place.
 G = Mean time per level.
                   A        B        C        D        E       F      G
               +--------+--------+--------+--------+--------+-----+--------+
         Total |  13719 |  13160 |    559 |   3090 |   8156 |   9 | 1524.3 |
       Dungeon |  12697 |  12138 |    559 |   3035 |   7405 |   8 | 1587.1 |
       Ossuary |   1021 |   1021 |      0 |     55 |    751 |   1 | 1021.0 |
               +--------+--------+--------+--------+--------+-----+--------+

Top non-repeatable levels by time:
     D:7: 2389 daAuts
     D:4: 2237 daAuts
     D:1: 1946 daAuts
     D:2: 1740 daAuts
     D:6: 1724 daAuts
     D:5: 1211 daAuts
     D:3: 1042 daAuts
 Ossuary: 1021 daAuts
     D:8: 405 daAuts
